 Dungeon Crawl Stone Soup version 0.17.1-3-g152610e (webtiles) character file.

546 Jerry the Ducker (level 7, -4/49 HPs)
             Began as an Octopode Necromancer on Mar 30, 2016.
             Slain by an ogre
             ... wielding a +0 giant spiked club
              (30 damage)
             ... on level 4 of the Dungeon.
             The game lasted 00:16:44 (3344 turns).

Jerry the Ducker (Octopode Necromancer)             Turns: 3344, Time: 00:16:44

Health: -4/49      AC:  1    Str:  7    XL:     7   Next: 28%
Magic:  10/10      EV: 16    Int: 18    God:
Gold:   134        SH:  0    Dex: 17    Spells: 1 memorised, 10 levels left

rFire  . . .     SeeInvis .     g - +4 short sword
rCold  . . .     Clarity  .     (no shield)
rNeg   . . .     SustAt   .     (helmet restricted)
rPois  .         Gourm    .     i - amulet of rage
rElec  .         Spirit   .     k - +3 ring of dexterity
rCorr  .         Warding  .     (no ring)
rMut   .         Stasis   .     (no ring)
MR     .....                    (no ring)
Stlth  ++++......               (no ring)
                                (no ring)
                                (no ring)
                                (no ring)

@: not resistant to hostile enchantments, stealthy
A: almost no armour, amphibious, 8 rings, constrict 8, camouflage 1, gelatinous
body 1
a: Evoke Berserk Rage


You were on level 4 of the Dungeon.
You were not hungry.

You visited 1 branch of the dungeon, and saw 4 of its levels.

You collected 134 gold pieces.

Inventory:

Hand Weapons
 g - a +4 short sword (weapon)
Jewellery
 i - an amulet of rage (around mantle)
 k - a +3 ring of dexterity (left tentacle)
Wands
 w - a wand of slowing (30)
Scrolls
 e - 3 scrolls of remove curse {unknown}
 h - 2 scrolls of immolation {unknown}
 j - 2 scrolls of enchant armour {unknown}
 l - 2 scrolls of teleportation {unknown}
 n - a scroll of fear {unknown}
 p - 2 scrolls of recharging {unknown}
 r - 2 scrolls of identify {unknown}
Potions
 c - a potion of ambrosia {unknown}
 d - a potion of brilliance {unknown}
 m - a potion of poison {unknown}
 o - a potion of might {unknown}
 s - a potion of cure mutation {unknown}
 t - a potion of agility {unknown}
 u - a potion of heal wounds {unknown}
Books
 a - a book of Necromancy

   Spells                             Type                      Level
   a - Pain                           Necromancy                   1
   b - Animate Skeleton               Necromancy                   1
   c - Vampiric Draining              Necromancy                   3
   d - Regeneration                   Charms/Necromancy            3
   e - Animate Dead                   Necromancy                   4
   f - Control Undead                 Necromancy                   4
 v - a book of the Tempests

   Spells                             Type                      Level
   a - Static Discharge               Conjuration/Air              3
   b - Lightning Bolt                 Conjuration/Air              5
   c - Fireball                       Conjuration/Fire             5
   d - Tornado                        Air                          9
   e - Shatter                        Earth                        9
Comestibles
 b - 7 bread rations
 f - 2 meat rations
 q - 3 fruits


   Skills:
 + Level 4.5 Fighting
 + Level 5.5 Dodging
 - Level 3.0 Stealth
 - Level 0.4 Unarmed Combat
 - Level 2.5 Spellcasting
 - Level 4.2 Necromancy


You had 10 spell levels left.
You knew the following spells:

 Your Spells              Type           Power        Failure   Level  Hunger
a - Pain                  Necr           ###.         3%          1    #......


Dungeon Overview and Level Annotations

Branches:
Dungeon (4/15)
 Temple: D:4-7

Altars:
The Shining One


Innate Abilities, Weirdness & Mutations

You cannot wear most types of armour.
You are amphibious.
You can wear up to eight rings at the same time.
You can use your tentacles to constrict eight enemies at once.
Your skin changes colour to match your surroundings (Stealth).
Your rubbery body absorbs attacks (AC +1).


Message History

The ogre is lightly wounded.
The ogre misses you.
You barely miss the ogre.
The ogre is lightly wounded.
The ogre hits you with a giant spiked club!!
The jackal barks!
You hit the ogre. You squeeze the ogre.
The ogre is heavily wounded.
You hear a bark! x2
The ogre hits you with a giant spiked club.
A jackal comes into view.
You puncture the ogre!
The ogre is severely wounded.
The jackal bites you.
You barely miss the ogre.
The ogre is severely wounded.
The jackal misses you.
The ogre hits you with a giant spiked club!!
Ouch! That really hurt!
You die...

###### # ####
#....#### #. ..#
#.#[....#### #.#####.#
#.'.........
#.......###.#.........
#..........>+.......†.
#......######.....####
#....@........<#.##
#....Oh####.##.#.#
#$....hh...h...#.##
####....### #......
...... #......###
######## #.......).
........ ####......
O.........


You could see an ogre and 3 jackals.

Vanquished Creatures
  A phantom (D:4)
  2 ogres (D:4)
  2 hounds (D:4)
  A giant frog skeleton (D:4)
  2 iguanas (D:4)
  A killer bee zombie (D:4)
  3 adders
  An ooze (D:2)
  An adder zombie (D:3)
  2 worms
  2 giant geckos
  4 orcs (D:3)
  11 bats
  4 giant cockroaches
  8 hobgoblins
  8 jackals
  7 kobolds
  A quokka (D:4)
  6 giant newts
  9 goblins
  14 rats
90 creatures vanquished.

Notes
Turn   | Place    | Note
--------------------------------------------------------------
     0 | D:1      | Jerry the Octopode Necromancer began the quest for the Orb.
     0 | D:1      | Reached XP level 1. HP: 11/11 MP: 3/3
   133 | D:1      | Reached XP level 2. HP: 10/17 MP: 1/5
   748 | D:1      | Reached XP level 3. HP: 14/21 MP: 6/6
  1986 | D:2      | Reached skill level 1 in Fighting
  1986 | D:2      | Reached XP level 4. HP: 26/28 MP: 7/7
  2830 | D:4      | Found a glowing golden altar of the Shining One.
  2831 | D:4      | Noticed an ogre
  2838 | D:4      | Killed an ogre
  2838 | D:4      | Reached XP level 5. HP: 36/36 MP: 4/8
  2937 | D:4      | Reached XP level 6. HP: 42/42 MP: 9/9
  3123 | D:4      | Noticed a phantom
  3123 | D:4      | Noticed an ogre
  3146 | D:4      | Noticed an ogre
  3233 | D:4      | Killed an ogre
  3233 | D:4      | Reached skill level 5 in Dodging
  3240 | D:4      | Killed a phantom
  3240 | D:4      | Reached XP level 7. HP: 49/49 MP: 10/10
  3337 | D:4      | Noticed an ogre
  3344 | D:4      | Slain by an ogre

Action                   |  1- 3 |  4- 6 |  7- 9 || total
-------------------------+-------+-------+-------++-------
Melee: Short sword       |    68 |    83 |     6 ||   157
 Cast: Pain              |    18 |    13 |       ||    31
 Abil: Evoke Berserk Rag |       |     3 |       ||     3
 Stab: Sleeping          |    15 |     9 |     1 ||    25
  Eat: Chunk             |     4 |     2 |       ||     6
       Royal jelly       |       |     1 |       ||     1
       Fruit             |       |     1 |     1 ||     2
